Map: Iron Fortress LE (Void)

Players

Shamanas

  • Race: Terran Terran

Yuk - Winner!

  • Race: Terran Terran

VOD

Have the link to the VOD?

Description

Time

  • Played on: May 2, 2015, 1:22 p.m.
  • Length: 7:21
Show
View Real Time Build Order
Export as new Build Order

Shamanas Terran 

Build Orders: Reaper Expand, Mech, Siege Tank Drop 

Get SALT Encoding   

  12  0:01  SCV  
  13  0:13  SCV  
  14  0:18  Supply Depot  
  14  0:25  SCV  
  15  0:40  SCV, Barracks  
  16  0:45  Refinery  
  16  0:52  SCV  
  18  1:04  SCV  
  18  1:16  SCV  
  19  1:28  Reaper  
  19  1:29  Orbital Command  
  20  1:45  Command Center  
  20  1:55  SCV  
  20  1:56  Supply Depot  
  21  2:02  Barracks Reactor  
  21  2:07  SCV  
  22  2:19  SCV  
  23  2:23  Factory  
  23  2:24  Refinery  
  23  2:31  SCV  
  24  2:38  Marine x2  
  24  2:43  SCV  
  27  2:50  Supply Depot  
  27  2:55  SCV  
  27  2:56  Marine x2  
  30  3:00  Orbital Command  
  30  3:07  SCV  
  30  3:09  Factory Tech Lab  
  30  3:14  Starport  
  30  3:19  Marine x2  
  32  3:23  SCV  
  33  3:28  SCV  
  33  3:32  Siege Tank  
  37  3:35  SCV  
  37  3:37  Marine x2  
  37  3:40  SCV  
  41  3:45  Supply Depot  
  41  3:48  SCV  
  42  3:51  Medivac  
  42  3:52  SCV  
  45  3:59  Missile Turret  
  45  4:03  SCV  
  45  4:04  SCV, Missile Turret  
  47  4:10  Cyclone, Marine x2  
  47  4:15  SCV  
  47  4:17  SCV  
  54  4:18  Supply Depot  
  54  4:19  Refinery  
  54  4:20  Refinery  
  54  4:25  Starport Tech Lab  
  54  4:28  SCV, Marine x2  
  54  4:29  SCV  
  57  4:40  SCV  
  57  4:41  SCV  
  59  4:49  Banshee  
  59  4:52  SCV  
  63  4:59  SCV  
  64  5:04  Command Center, SCV  
  65  5:13  SCV  
  66  5:16  SCV  
  66  5:20  Marine x2  
  69  5:27  Supply Depot  
  69  5:28  Supply Depot  
  69  5:44  Factory  
  69  5:45  Factory  
  69  5:46  Starport  
  69  5:48  Siege Tank  
  72  5:56  SCV  
  72  5:57  SCV  
  74  6:01  Banshee, Cloaking Field  
  77  6:06  Armory  
  77  6:08  Armory  
  77  6:13  SCV x2  
  77  6:18  Orbital Command  
  79  6:21  Engineering Bay  
  79  6:25  SCV x2  
  81  6:26  Refinery  
  81  6:27  Starport Reactor  
  81  6:28  Refinery  
  81  6:31  Factory Tech Lab  
  81  6:41  Missile Turret  
  81  6:42  Missile Turret  
  81  6:45  SCV x3  
  84  6:49  Missile Turret  
  84  6:52  Supply Depot  
  84  6:58  Hellbat x2  
  94  7:04  SCV x3  
  101  7:08  Missile Turret  
Show
View Real Time Build Order
Export as new Build Order

Yuk Terran - Winner!

Build Orders: MMM Bio 

Get SALT Encoding   

  12  0:06  SCV  
  13  0:18  SCV  
  13  0:19  Supply Depot  
  14  0:30  SCV  
  15  0:42  SCV  
  16  0:43  Barracks  
  16  0:54  SCV  
  17  1:06  SCV  
  18  1:16  Command Center  
  18  1:18  SCV  
  19  1:31  Marine, Orbital Command  
  20  1:41  Barracks  
  20  1:53  Barracks  
  20  1:56  SCV  
  20  1:57  Marine  
  22  2:06  Refinery  
  22  2:08  SCV  
  22  2:10  Supply Depot  
  22  2:15  Refinery  
  23  2:27  Marine  
  23  2:28  SCV  
  25  2:32  Marine  
  25  2:34  Orbital Command  
  25  2:40  SCV  
  25  2:41  Marine  
  27  2:44  Barracks  
  27  2:46  Marine  
  28  2:53  SCV  
  29  3:01  SCV, Marine  
  31  3:05  SCV  
  31  3:06  Engineering Bay  
  32  3:13  SCV  
  32  3:14  Marine  
  35  3:20  SCV, Barracks Tech Lab  
  35  3:21  Marine  
  35  3:25  SCV  
  37  3:32  SCV, Marine  
  37  3:33  Bunker  
  39  3:34  Barracks Reactor  
  39  3:41  Stimpack  
  39  3:42  Barracks Tech Lab  
  39  3:43  SCV  
  39  3:45  SCV  
  41  3:50  Barracks Reactor  
  41  3:52  Marine  
  41  3:55  SCV, Refinery  
  42  3:57  Supply Depot  
  42  3:58  SCV, Refinery  
  44  4:03  Combat Shields  
  44  4:07  SCV  
  45  4:10  SCV  
  45  4:15  Missile Turret  
  46  4:18  Supply Depot, Marine x3  
  46  4:20  Terran Infantry Weapons Level 1  
  46  4:21  SCV  
  46  4:23  Marine  
  51  4:27  SCV  
  51  4:28  Marine  
  53  4:32  Marine  
  53  4:36  Marine  
  53  4:37  Marine  
  53  4:38  Factory, Marine  
  57  4:41  Marine  
  57  4:43  Supply Depot  
  58  4:45  SCV  
  58  4:46  Marine  
  58  4:50  Marine  
  58  4:51  SCV  
  62  4:55  Marine  
  62  4:57  Supply Depot  
  62  4:58  SCV  
  64  5:03  Marine x2  
  62  5:07  Marine x2  
  62  5:11  Marine  
  62  5:13  Marine  
  65  5:21  Marine x2  
  65  5:25  Marine x2  
  65  5:28  Factory Reactor, Starport  
  69  5:29  Marine  
  69  5:31  SCV  
  71  5:36  Missile Turret  
  71  5:37  Marine  
  71  5:39  Marine  
  71  5:41  Marine  
  74  5:49  Starport  
  74  5:51  SCV  
  74  5:54  Marine x2  
  74  5:56  Supply Depot  
  77  6:04  Missile Turret  
  77  6:09  Missile Turret  
  77  6:10  Missile Turret  
  77  6:11  Supply Depot  
  77  6:13  Medivac x2  
  77  6:16  Factory Tech Lab  
  77  6:18  Marine x2  
  83  6:20  Marine  
  83  6:24  Marine x2  
  86  6:29  Medivac  
  86  6:30  SCV  
  89  6:33  Supply Depot  
  89  6:38  Siege Tank, Marine x2  
  89  6:39  SCV  
  95  6:47  Marine x2  
  95  6:48  Medivac x2  
  95  6:53  Supply Depot  
  101  6:55  Marine  
  101  6:56  SCV  
  101  6:58  Marine  
  107  7:17  Supply Depot  
Tags
 
Add a new tag
Caveats
  • Supply blocks, unpowered buildings, or Contaminate may cause inaccurate times.
  • Supply counts are checked every 10 seconds.